 Dungeon Crawl Stone Soup version 0.26-a0-1060-g086102a3f0 (webtiles) character file.

Game seed: 155670047108442762

257 streetpizza the Conjurer (level 6, -10/36 HPs)
             Began as a Tengu Conjurer on Dec 13, 2020.
             Killed by divine providence
             ... invoked by an orc priest
              (16 damage)
             ... on level 3 of the Dungeon.
             The game lasted 00:11:38 (3278 turns).

streetpizza the Conjurer (Tengu Conjurer)           Turns: 3278, Time: 00:11:39

Health: -10/36     AC:  2    Str:  7    XL:     6   Next: 16%
Magic:  6/11       EV: 16    Int: 27    God:
Gold:   120        SH:  0    Dex: 12    Spells: 8/11 levels left

rFire    . . .     SeeInvis .   s - +3 quarterstaff
rCold    . . .     Faith    .   (shield currently unavailable)
rNeg     . . .     Spirit   .   a - +0 robe
rPois    .         Reflect  .   (helmet restricted)
rElec    .         Harm     .   (no cloak)
rCorr    .         Rampage  .   (no gloves)
Will     .....                  (boots unavailable)
Stlth    ++........             (no amulet)
HPRegen  0.12/turn              q - +6 ring of intelligence
MPRegen  0.12/turn              (no ring)

@: lethally poisoned (-10 -> -19), flying quickly and evasively, slowed, very
slow
A: beak, talons 3, able to fly
a: Stop Flying


You were on level 3 of the Dungeon.
You visited 1 branch of the dungeon, and saw 3 of its levels.

You collected 120 gold pieces.

Inventory:

Hand Weapons
 h - a +0 dagger
 s - a +3 quarterstaff (weapon)
Missiles
 g - 51 poisoned darts (quivered)
Armour
 a - a +0 robe (worn)
 b - a +0 pair of gloves
Jewellery
 q - a +6 ring of intelligence (left hand)
Scrolls
 c - 5 scrolls of teleportation {unknown}
 e - 2 scrolls of immolation {unknown}
 i - 2 scrolls of fear {unknown}
 j - 3 scrolls of identify {unknown}
 l - a scroll of amnesia {unknown}
 p - a scroll of blinking {unknown}
 u - a scroll of enchant armour {unknown}
Potions
 d - 4 potions of curing {unknown}
 f - a potion of attraction {unknown}
 k - a potion of brilliance {unknown}
 m - a potion of ambrosia {unknown}
 n - a potion of resistance {unknown}
 o - a potion of lignification {unknown}
 r - 2 potions of heal wounds {unknown}
 t - a potion of flight {unknown}


   Skills:
 + Level 2.3 Fighting
 + Level 3.6 Dodging
 - Level 2.0 Stealth
 + Level 3.1 Spellcasting
 * Level 7.3 Conjurations


You had 8 spell levels left.
You knew the following spells:

 Your Spells              Type           Power        Failure   Level
a - Magic Dart            Conj           ####         1%          1
b - Searing Ray           Conj           #####.       1%          2

Your spell library contained the following spells:

 Spells                   Type           Power        Failure   Level
 Dazzling Flash           Conj/Hex       ###...       6%          3
 Fulminant Prism          Conj/Hex       ###.......   19%         4
 Iskenderun's Mystic Bla  Conj/Tloc      ###.....     19%         4


Dungeon Overview and Level Annotations

Branches:
Dungeon (3/15)

Altars:
Dithmenos
Yredelemnul
The Shining One


Innate Abilities, Weirdness & Mutations

You have a beak for a mouth.
You have claws for feet.
You can fly continuously.


Message History

The orc misses you. The orc closely misses you.
You hit the orc but do no damage. You peck the orc, but do no damage.
The orc is moderately wounded.
The orc priest calls upon Beogh to heal the orc.
The orc's wounds heal themselves!
The orc misses you.
You hit the orc. You claw the orc.
The orc is moderately wounded.
The orc misses you.
You hit the orc.
The orc is almost dead.
The orc hits you with a +0 club.
A worm comes into view.
The orc throws a curare-tipped dart.
The curare-tipped dart hits you.
You are poisoned.
You have difficulty breathing.
* * * LOW HITPOINT WARNING * * *
You feel yourself slow down.
The orc priest mumbles some strange prayers to Beogh against you.
Beogh smites you!
You die...

.......♣♣♣...........#...o...)...
.####.♣# #♣..........#........g..
.#..'.♣ ♣..÷.......#...........
.#.##.♣# #♣.(...#.........)......
.......♣♣♣...##.#......).........
.............##.#................
.............##.#.#+##..##.......
......#....†..#o#.#..#..##.......
......#...)...#.@..#.#..##...####
......#....†..#................
....#.#.o.....#.o...#............
....#........##.....#............
...#####.....#......#<>..........
.......#<.#'#.###...##.....
#........w....#....... .....
#.................#
#............... .#


You could see a worm, an orc priest and an orc.

Vanquished Creatures
  3 orc wizards (D:3)
  Ijyb (D:3)
  7 adders
  An ooze (D:1)
  2 worms
  3 leopard geckos
  3 orcs (D:3)
  6 bats
  5 giant cockroaches
  5 goblins
  9 hobgoblins
  4 jackals (D:2)
  8 kobolds
  A quokka (D:2)
  A ball python (D:3)
  4 frilled lizards (D:1)
  9 rats
72 creatures vanquished.

Notes
Turn   | Place    | Note
-------+----------+-------------------------------------------
     0 | D:1      | streetpizza the Tengu Conjurer began the quest for the Orb.
     0 | D:1      | Reached XP level 1. HP: 10/10 MP: 4/4
    97 | D:1      | Reached XP level 2. HP: 15/16 MP: 0/6
   100 | D:1      | Learned a level 2 spell: Searing Ray
   449 | D:1      | Reached XP level 3. HP: 20/20 MP: 4/7
   462 | D:1      | Reached skill level 1 in Fighting
  1116 | D:1      | Noticed a troll
  1275 | D:2      | Reached skill level 6 in Conjurations
  1386 | D:2      | Reached XP level 4. HP: 13/25 MP: 4/8
  1601 | D:2      | Found a glowing golden altar of the Shining One.
  1602 | D:2      | Found a basalt altar of Yredelemnul.
  1605 | D:2      | Noticed a profane servitor
  1616 | D:2      | Noticed an angel
  2056 | D:2      | Found a shadowy altar of Dithmenos.
  2461 | D:3      | Gained mutation: You can fly continuously. [Tengu growth]
  2461 | D:3      | Reached XP level 5. HP: 27/30 MP: 5/10
  2476 | D:3      | Noticed Ijyb
  2524 | D:3      | Killed Ijyb
  2909 | D:3      | Reached skill level 7 in Conjurations
  3157 | D:3      | Reached XP level 6. HP: 29/35 MP: 2/11
  3278 | D:3      | Killed from afar by an orc priest

Illustrated notes

Levels and vault maps discovered:
D:1:      erik_arrival_cave_to_civilisation [erik_arrival_cave_to_temple],
          layout_basic, lemuel_old_faithful
D:2:      layout_basic, grunt_temple_overflow_holy_war, marbit_many_paths,
          minmay_tetromino_l4
D:3:      layout_basic, gammafunk_temple_overflow_pools,
          minmay_stone_trees_small, uniq_ijyb

Skill      XL: |  1  2  3  4  5 |
---------------+----------------+-----
Fighting       | 1 2 |  2.3
Conjurations   | 6 7 |  7.3
Dodging        | 3 |  3.6
Spellcasting   | 3 |  3.1
Stealth        | |  2.0

Action                   |  1- 3 |  4- 6 || total
-------------------------+-------+-------++-------
Melee: Unarmed           |     6 |     8 ||    14
       Peck              |     4 |    10 ||    14
       Dagger            |    12 |    43 ||    55
       Kick              |     3 |    11 ||    14
       Quarterstaff      |       |    40 ||    40
Throw: Dart              |     3 |       ||     3
 Cast: Magic Dart        |    35 |       ||    35
       Searing Ray       |     5 |    12 ||    17
 Abil: Fly               |       |     1 ||     1
 Stab: Sleeping          |     1 |     1 ||     2
Armor: Robe              |     6 |    13 ||    19
Dodge: Dodged            |    29 |    72 ||   101

Table legend: (Time is in decaauts)
 A = Elapsed time spent in this place.
 B = Non-inter-level travel time spent in this place.
 C = Inter-level travel time spent in this place.
 D = Time resting spent in this place.
 E = Time spent auto-exploring this place.
 F = Levels seen in this place.
 G = Mean time per level.
                   A        B        C        D        E       F      G
               +--------+--------+--------+--------+--------+-----+--------+
         Total |   3264 |   3214 |     50 |      0 |   2637 |   3 | 1088.0 |
       Dungeon |   3264 |   3214 |     50 |      0 |   2637 |   3 | 1088.0 |
               +--------+--------+--------+--------+--------+-----+--------+

Top non-repeatable levels by time:
     D:1: 1162 daAuts
     D:2: 1078 daAuts
     D:3: 1024 daAuts
